 Dungeon Crawl Stone Soup version 0.27-a0-1219-g958d993ae5 (webtiles) character file.

Game seed: 8827276866792229585

32 siradein the Cudgeller (level 3, -1/27 HPs)
             Began as a Demonspawn Gladiator on June 7, 2021.
             Shot with a stone by a goblin (5 damage)
             ... on level 2 of the Dungeon.
             The game lasted 00:02:47 (1279 turns).

siradein the Cudgeller (Demonspawn Gladiator)       Turns: 1279, Time: 00:02:48

Health: -1/27      AC:  4    Str: 15    XL:     3   Next: 10%
Magic:  3/3        EV: 12    Int:  9    God:
Gold:   50         SH:  0    Dex: 14    Spells: 2/2 levels left

rFire    . . .     SeeInvis .     - Unarmed
rCold    . . .     Faith    .   (no shield)
rNeg     . . .     Spirit   .   b - +0 leather armour
rPois    .         Reflect  .   c - +0 helmet
rElec    .         Harm     .   (no cloak)
rCorr    .         Rampage  .   (no gloves)
Will     .....                  (no boots)
Stlth    +.........             (no amulet)
HPRegen  0.09/turn              (no ring)
MPRegen  0.08/turn              (no ring)

@: no status effects
A: claws 1, powered by pain 1
a: no special abilities


You were on level 2 of the Dungeon.
You visited 1 branch of the dungeon, and saw 2 of its levels.

You collected 50 gold pieces.

Inventory:

Missiles
 d - 3 throwing nets (quivered)
Armour
 b - a +0 leather armour (worn)
 c - a +0 helmet (worn)
Scrolls
 a - a scroll of identify {unknown}
Potions
 e - 2 potions of might {unknown}
 f - a potion of flight {unknown}
 g - 2 potions of brilliance {unknown}


   Skills:
 - Level 2.0 Fighting
 - Level 3.3 Maces & Flails
 - Level 1.7 Throwing
 - Level 2.6 Dodging
 + Level 1.7 Unarmed Combat


You had 2 spell levels left.
You didn't know any spells.
Your spell library was empty.

Dungeon Overview and Level Annotations

Branches:
Dungeon (2/15)

Altars:


Innate Abilities, Weirdness & Mutations

You have sharp fingernails.
You sometimes gain a little power by taking damage.


Message History

The goblin shoots a stone.
The stone barely misses you.
A goblin comes into view. It is wielding a +0 club.
The goblin shouts!
You hear a shout!
The goblin shoots a stone.
The stone hits you but does no damage.
The goblin unwields a +0 club.
The goblin wields a +0 hunting sling.
The goblin shoots a stone.
The stone closely misses you. The hobgoblin barely misses you.
The goblin shoots a stone.
The stone barely misses you.
You scratch the hobgoblin but do no damage.
The hobgoblin misses you.
The goblin shoots a stone.
The stone closely misses you.
You scratch the hobgoblin.
The hobgoblin is almost dead.
The hobgoblin barely misses you.
The goblin shoots a stone.
The stone barely misses you.
You scratch the hobgoblin.
You kill the hobgoblin!
The goblin shoots a stone.
The stone closely misses you.
The goblin shoots a stone.
The stone closely misses you.
A goblin comes into view. It is wielding a +0 club.
The goblin unwields a +0 hunting sling.
The goblin wields a +0 club.
The goblin hits you with a +0 club.
Found a blackened emerald ring.
You barely miss the goblin.
The goblin shoots a stone.
The stone hits you.
The goblin unwields a +0 club.
The goblin wields a +0 hunting sling.
The goblin shoots a stone.
The stone hits you.
The goblin shoots a stone.
The stone hits you.
The goblin shoots a stone.
The stone barely misses you.
The goblin shoots a stone.
The stone hits you.
The goblin shoots a stone.
The stone hits you but does no damage.
The goblin shoots a stone.
The stone barely misses you.
The goblin shoots a stone.
The stone hits you.
* * * LOW HITPOINT WARNING * * *
The goblin shoots a stone.
The stone hits you but does no damage.
The goblin shoots a stone.
The stone hits you.
* * * LOW HITPOINT WARNING * * *
The goblin shoots a stone.
The stone closely misses you.
The goblin shoots a stone.
The stone barely misses you.
The goblin shoots a stone.
The stone hits you.
You die...

..........#### #.##.##.#
..........#.. ........
..∩..∩..8.#.# #....g.
.........<#.####..#.#
.............#......#
..8.....8##..#.#g.#
.........##.....g.#
.......................#
..8..∩..♣@##...>.......#
######..#......####.####
#.......#g# =#
#.#####.#.# . ..#.# .
####.# .#


You could see 3 goblins.

Vanquished Creatures
  5 bats (D:1)
  2 endoplasms (D:1)
  2 goblins (D:1)
  4 hobgoblins
  6 jackals (D:1)
  3 quokkas (D:1)
  A ball python (D:1)
  A frilled lizard (D:1)
  A kobold (D:1)
  2 rats
27 creatures vanquished.

Notes
Turn   | Place    | Note
-------+----------+-------------------------------------------
     0 | D:1      | siradein the Demonspawn Gladiator began the quest for the
                  | Orb.
     0 | D:1      | Reached XP level 1. HP: 16/16 MP: 1/1
   180 | D:1      | Reached skill level 3 in Maces & Flails
   190 | D:1      | Gained mutation: You have sharp fingernails. [demonic
                  | ancestry]
   190 | D:1      | Reached XP level 2. HP: 17/22 MP: 2/2
   438 | D:1      | Reached skill level 1 in Unarmed Combat
   948 | D:1      | Gained mutation: You sometimes gain a little power by
                  | taking damage. [demonic ancestry]
   948 | D:1      | Reached XP level 3. HP: 26/27 MP: 3/3
  1279 | D:2      | Shot with a stone by a goblin

Illustrated notes

Levels and vault maps discovered:
D:1:      dpeg_arrival_pits, layout_loops_ring
D:2:      layout_loops_cross, hellmonk_ecumenical_altar_arch_garden,
          uniq_natasha

Skill      XL: |  1  2 |
---------------+-------+-----
Maces & Flails | 3 |  3.3
Unarmed Combat | 1 |  1.7
Fighting       | |  2.0
Throwing       | |  1.7
Dodging        | |  2.6

Action                   || total
-------------------------++-------
Melee: Flail             ||    37
       Unarmed           ||    71
 Stab: Sleeping          ||     1
Armor: Leather armour    ||    56
Dodge: Dodged            ||   108

Table legend: (Time is in decaauts)
 A = Elapsed time spent in this place.
 B = Non-inter-level travel time spent in this place.
 C = Inter-level travel time spent in this place.
 D = Time resting spent in this place.
 E = Time spent auto-exploring this place.
 F = Levels seen in this place.
 G = Mean time per level.
                   A        B        C        D        E       F      G
               +--------+--------+--------+--------+--------+-----+--------+
         Total |   1287 |   1269 |     18 |      0 |   1062 |   2 |  643.5 |
       Dungeon |   1287 |   1269 |     18 |      0 |   1062 |   2 |  643.5 |
               +--------+--------+--------+--------+--------+-----+--------+

Top non-repeatable levels by time:
     D:1: 1263 daAuts
     D:2: 23 daAuts
